 Dungeon Crawl Stone Soup version 0.27-a0-1189-gb8eb6cee8e (webtiles) character file.

Game seed: 16712911709840285921

143 roflturtle the Ruffian (level 5, -9/45 HPs)
             Began as a Draconian Transmuter on May 22, 2021.
             Mangled by an orc
             ... wielding a +4 flail of protection
              (13 damage)
             ... on level 3 of the Dungeon.
             The game lasted 00:09:04 (3754 turns).

roflturtle the Ruffian (Draconian Transmuter)       Turns: 3754, Time: 00:09:04

Health: -9/45      AC:  5    Str: 12    XL:     5   Next: 4%
Magic:  7/8        EV: 12    Int: 15    God:
Gold:   135        SH:  0    Dex: 11    Spells: 2/8 levels left

rFire    . . .     SeeInvis .     - Unarmed
rCold    . . .     Faith    .   (no shield)
rNeg     . . .     Spirit   .   (armour unavailable)
rPois    .         Reflect  .   (helmet currently unavailable)
rElec    .         Harm     .   (no cloak)
rCorr    .         Rampage  .   (no gloves)
Will     .....                  (boots currently unavailable)
Stlth    +.........             (no amulet)
HPRegen  0.15/turn              (no ring)
MPRegen  0.11/turn              (no ring)

@: appendages
A: horns 2, talons 2, AC +5, unfitting armour, cold-blooded
a: End Transformation


You were on level 3 of the Dungeon.
You had temporarily grown beastly horns and talons.
You visited 1 branch of the dungeon, and saw 4 of its levels.

You collected 135 gold pieces.

Inventory:

Armour
 d - a +0 pair of boots
Wands
 n - a wand of flame (13)
Scrolls
 a - 2 scrolls of amnesia {unknown}
 b - 4 scrolls of identify {unknown}
 c - 2 scrolls of fog {unknown}
 e - 2 scrolls of teleportation {unknown}
 k - a scroll of fear {unknown}
 l - a scroll of enchant weapon {unknown}
Potions
 f - a potion of cancellation
 g - 2 potions of mutation {unknown}
 h - 4 potions of curing
 i - a potion of ambrosia {unknown}
 j - a potion of brilliance {unknown}
 m - a potion of magic {unknown}


   Skills:
 - Level 3.0 Fighting
 - Level 3.0 Dodging
 + Level 3.6 Unarmed Combat
 - Level 2.0 Spellcasting
 - Level 3.0 Transmutations


You had 2 spell levels left.
You knew the following spells:

 Your Spells              Type           Power      Damage    Failure   Level
a - Beastly Appendage     Tmut           20%        N/A       6%          1
b - Wereblood             Tmut           10%        N/A       10%         2
c - Spider Form           Tmut/Pois      3%         N/A       34%         3

Your spell library contained the following spells:

 Spells                   Type           Power      Damage    Failure   Level
 Ice Form                 Ice/Tmut       6%         N/A       75%         4
 Hydra Form               Tmut           5%         N/A       87%         5


Dungeon Overview and Level Annotations

Branches:
Dungeon (4/15)
 Temple: D:4-7

Altars:
Ashenzari
Dithmenos
Elyvilon
Nemelex Xobeh
Qazlal
Trog
Wu Jian


Innate Abilities, Weirdness & Mutations

You have temporarily grown beastly horns and talons.
Your plain brown scales are hard. (AC +5)
You cannot fit into any form of body armour.
You are cold-blooded and may be slowed by cold attacks.


Message History

You hit the orc but do no damage. You headbutt the orc.
The orc is moderately wounded.
The orc hits you with a +4 flail of protection.
You closely miss the orc.
The orc is moderately wounded.
The orc barely misses you.
An orc priest comes into view. It is wielding a +0 whip.
You hit the orc.
Your tail-slap misses the orc.
The orc is heavily wounded.
The iguana closely misses you.
Your transformation is almost over.
The orc hits you with a +4 flail of protection.
The orc priest looks braver for a moment.
Your horns disappear.
Your talons disappear.
The orc priest invokes the aid of Beogh against you.
Beogh smites you!
There is a stone staircase leading up here.
The orc hits you with a +4 flail of protection.
You climb upwards.
There is a stone staircase leading down here.
Casting: Beastly Appendage (safe; 6% risk of failure)
Confirm with . or Enter, or press ? or * to list all spells.
You grow a pair of large bovine horns.
Your feet morph into talons.
The orc barely misses you.
You completely miss the orc. Your kick misses the orc.
Your headbutt misses the orc.
The orc is moderately wounded.
The orc hits you with a +4 flail of protection.
* * * LOW HITPOINT WARNING * * *
You hit the orc.
The orc is heavily wounded.
The orc hits you with a +4 flail of protection!
* * * LOW HITPOINT WARNING * * *
You barely miss the orc. You claw the orc, but do no damage.
The orc is heavily wounded.
The orc barely misses you.
You completely miss the orc. Your kick misses the orc.
The orc is heavily wounded.
The orc hits you with a +4 flail of protection!
You die...

......#..##...### #.#.###)#.###
#######..##...# #.#.#"#.#....
###.......# #.#.###.#.###
#.....#..## #.........###
#####.....#..###### #.#.###.#....
...##.....>.......###...........#
##................#...#..######.#
#####.....#.......#.#...## #.# #
#######.....@.......# #.#
#......o#.....# #..
####.......####..# ###
#..).......# #..########.
#######.#####.#### #...........
#.......# ###.# #.#########.
#.#####.###...# ###.### ####.
#.#≈^.^..§^^### #.....# #....
#..#§^..≈###.# #.....# #.##.


You could see an orc.

Vanquished Creatures
  5 adders
  5 worms
  2 dart slugs
  An orc (D:3)
  6 bats
  11 endoplasms
  A giant cockroach (D:2)
  4 goblins
  5 hobgoblins
  6 jackals
  5 kobolds
  2 quokkas
  11 ball pythons
  7 frilled lizards
  7 rats
78 creatures vanquished.

Vanquished Creatures (others)
  A plant (D:3)
1 creature vanquished.

Grand Total: 79 creatures vanquished

Notes
Turn   | Place    | Note
-------+----------+-------------------------------------------
     0 | D:1      | roflturtle the Draconian Transmuter began the quest for the
                  | Orb.
     0 | D:1      | Reached XP level 1. HP: 16/16 MP: 3/3
   112 | D:1      | Found a faded altar of an unknown god.
   217 | D:1      | Reached XP level 2. HP: 21/23 MP: 5/5
   628 | D:1      | Learned a level 2 spell: Wereblood
   900 | D:2      | Reached XP level 3. HP: 29/29 MP: 6/6
  1559 | D:2      | Reached XP level 4. HP: 27/38 MP: 7/7
  2373 | D:2      | Learned a level 3 spell: Spider Form
  2547 | D:3      | Found a transporter.
  2572 | D:3      | Found a transporter.
  3189 | D:3      | Found a sparkling altar of Nemelex Xobeh.
  3303 | D:3      | Found a stormy altar of Qazlal.
  3372 | D:3      | Reached XP level 5. HP: 44/45 MP: 8/8
  3705 | D:4      | Found a bloodstained altar of Trog.
  3705 | D:4      | Found a white marble altar of Elyvilon.
  3705 | D:4      | Found a shadowy altar of Dithmenos.
  3705 | D:4      | Found an ornate altar of the Wu Jian Council.
  3706 | D:4      | Found a broken altar of Ashenzari.
  3754 | D:3      | Mangled by an orc

Illustrated notes

Levels and vault maps discovered:
D:1:      sevenhm_arrival_forest_fort_large_2, layout_rooms,
          hellmonk_ecumenical_altar_crossroads
D:2:      layout_loops_ring, st_stairs_1, minmay_split_cup_large
D:3:      gammafunk_wand_slinger, layout_loops_cross, grunt_qazlal_sundering,
          old_standard_altar, minmay_surrounded
D:4:      layout_cave_pools, grunt_temple_overflow_open,
          lemuel_coloured_pillars_altar, chequers_serial_rivers_marsh,
          moated_statue

Skill      XL: |  1  2  3  4 |
---------------+-------------+-----
Dodging        | 2 3 |  3.0
Fighting       | 3 |  3.0
Transmutations | 3 |  3.0
Unarmed Combat | |  3.6
Spellcasting   | |  2.0

Action                   |  1- 3 |  4- 6 || total
-------------------------+-------+-------++-------
Melee: Unarmed           |   142 |   138 ||   280
       Kick              |    12 |    23 ||    35
       Tailslap          |    15 |     9 ||    24
       Headbutt          |    10 |    14 ||    24
       Punch             |     1 |     2 ||     3
 Cast: Beastly Appendage |    12 |    19 ||    31
  Use: Potion            |     2 |     1 ||     3
 Stab: Sleeping          |     3 |       ||     3
Armor: Skin              |    41 |    31 ||    72
Dodge: Dodged            |    72 |    80 ||   152

Table legend: (Time is in decaauts)
 A = Elapsed time spent in this place.
 B = Non-inter-level travel time spent in this place.
 C = Inter-level travel time spent in this place.
 D = Time resting spent in this place.
 E = Time spent auto-exploring this place.
 F = Levels seen in this place.
 G = Mean time per level.
                   A        B        C        D        E       F      G
               +--------+--------+--------+--------+--------+-----+--------+
         Total |   3744 |   3634 |    110 |    917 |   1755 |   4 |  936.0 |
       Dungeon |   3744 |   3634 |    110 |    917 |   1755 |   4 |  936.0 |
               +--------+--------+--------+--------+--------+-----+--------+

Top non-repeatable levels by time:
     D:2: 1848 daAuts
     D:3: 965 daAuts
     D:1: 887 daAuts
     D:4: 43 daAuts
